 Dungeon Crawl Stone Soup version 0.31-a0-960-g0fca184906 (webtiles) character file.

Game seed: 8008152166782969635

145180 Newt the Crack Shot (level 18, -3/100 HPs)
             Began as a Kobold Hunter on Oct 23, 2023.
             Was the Champion of Hepliaklqana.
             Killed from afar by a swamp worm (13 damage)
             ... with a harpoon shot
             ... on level 3 of the Swamp.
             The game lasted 00:41:50 (24616 turns).

Newt the Crack Shot (Kobold Hunter)                Turns: 24616, Time: 00:41:51

Health: -3/100     AC: 13    Str:  8    XL:     18   Next: 3%
Magic:  24/24      EV: 27    Int: 11    God:    Hepliaklqana [******]
Gold:   3554       SH: 11    Dex: 24    Spells: 17/17 levels left

rFire   + . .        t - +6 hand cannon (freeze)
rCold   + . .        k - +3 buckler {rF+}
rNeg    . . .        l - +1 robe {rC+ rF+}
rPois   +            p - +0 mask of the Dragon {Will+ Slay+3 SInv}
rElec   .            v - +2 cloak {rPois}
rCorr   .            e - +2 pair of gloves of Vomappecwo {rF- Regen+ Slay+4}
SInv    +            (no boots)
Will    +++..        R - amulet "Naeleade" {Acrobat Harm SInv}
Stlth   +++++++      S - ring of willpower
HPRegen 1.16/turn    Y - +4 ring of protection
MPRegen 0.19/turn

%: harm (+30% outgoing, +20% incoming), acrobat
@: studying Conjurations
A: reduced essence, small, no large weapons, nightstalker 3, clumsy 1, poison
resistance, MP-powered wands
a: Renounce Religion, Recall Ancestor, Ancestor Identity, Transference, Idealise


You were on level 3 of the Swamp.
You worshipped Hepliaklqana.
Hepliaklqana was exalted by your worship.
You visited 5 branches of the dungeon, and saw 26 of its levels.
You also visited: Gauntlet, Ice Cave and Volcano.

You collected 3969 gold pieces.
You spent 415 gold pieces at shops.

Inventory:

Hand Weapons
 o - a +2 sling of electrocution
 t - a +6 hand cannon of freezing (weapon)
 V - a +2 sling of flaming
Armour
 c - a +1 buckler of cold resistance
 e - the +2 pair of gloves of Vomappecwo (worn) {rF- Regen+ Slay+4}
   (You acquired it on level 3 of the Dungeon)

   Slay+4:    It affects your accuracy & damage with ranged weapons and melee
   (+4).
   rF-:       It makes you vulnerable to fire.
   Regen+:    It increases your rate of health regeneration.
 k - a +3 buckler of fire resistance (worn)
 l - a +1 robe of resistance (worn)
 p - the +0 mask of the Dragon (worn) {Will+ Slay+3 SInv}
   (You found it on level 1 of the Orcish Mines)

   Slay+3:    It affects your accuracy & damage with ranged weapons and melee
   (+3).
   Will+:     It increases your willpower.
   SInv:      It lets you see invisible.
 r - the +1 robe "Acos" {Str+2 Dex-5 Slay+3}
   (You found it on level 1 of the Lair of Beasts)

   Str+2:     It affects your strength (+2).
   Dex-5:     It affects your dexterity (-5).
   Slay+3:    It affects your accuracy & damage with ranged weapons and melee
   (+3).
 v - a +2 cloak of poison resistance (worn)
 E - a +5 kite shield of protection
Jewellery
 b - a ring of positive energy
 z - a +6 ring of intelligence
 B - a ring of magical power
 F - a ring of protection from cold
 N - a ring of flight
 O - a +4 ring of protection
 R - the amulet "Naeleade" (around neck) {Acrobat Harm SInv}
   (You took it off an orc knight on level 10 of the Dungeon)

   [amulet of the acrobat]

   Acrobat:   It increases your evasion while moving and waiting.
   SInv:      It lets you see invisible.
   Harm:      It increases damage dealt and taken.
 S - a ring of willpower (left hand)
 Y - a +4 ring of protection (right hand)
Wands
 d - a wand of mindburst (24)
 m - a wand of digging (14)
 y - a wand of flame (63)
 H - a wand of acid (3)
 J - a wand of polymorph (38)
 U - a wand of charming (25)
 W - a wand of roots (12)
Scrolls
 f - 5 scrolls of immolation
 g - 2 scrolls of brand weapon
 h - 5 scrolls of silence
 u - a scroll of blinking
 D - 3 scrolls of teleportation
 G - a scroll of torment
 K - 2 scrolls of fear
 L - a scroll of poison
Potions
 a - a potion of resistance
 i - 11 potions of curing
 j - 5 potions of cancellation
 n - 4 potions of magic
 q - 7 potions of might
 s - 5 potions of brilliance
 w - 3 potions of lignification
 x - 2 potions of haste
 A - 2 potions of mutation
 C - 2 potions of enlightenment
 I - a potion of ambrosia
 M - a potion of attraction
 Z - 3 potions of heal wounds
Miscellaneous
 P - a tin of tremorstones (2/2)
 Q - a box of beasts
 X - a phial of floods


   Skills:
 - Level 12.0 Fighting
 + Level 22.3 Ranged Weapons
 - Level 5.0 Armour
 - Level 14.0 Dodging
 - Level 12.0 Stealth
 - Level 10.0 Shields
 - Level 9.0 Invocations
 - Level 14.0 Evocations


You had 17 spell levels left.
You didn't know any spells.
Your spell library contained the following spells:

 Spells                   Type           Power      Damage    Failure   Level
 Hailstorm                Conj/Ice       0%         3d3       82%         3
 Inner Flame              Hex/Fire       0%         N/A       82%         3
 Mephitic Cloud           Conj/Pois/Air  0%         N/A       82%         3
 Stone Arrow              Conj/Erth      0%         3d7       82%         3
 Volatile Blastmotes      Fire/Tloc      0%         2d10      82%         3
 Animate Armour           Summ/Erth      0%         N/A       99%         4
 Flame Wave               Conj/Fire      0%         2d4       99%         4
 Fulminant Prism          Conj/Hex       0%         3d5       99%         4
 Iskenderun's Mystic Bla  Conj/Tloc      0%         2d3       99%         4
 Sticky Flame             Conj/Fire      0%         2d3       99%         4
 Summon Ice Beast         Ice/Summ       0%         N/A       99%         4
 Summon Lightning Spire   Summ/Air       0%         N/A       99%         4
 Vhi's Electric Charge    Tloc/Air       0%         N/A       99%         4
 Conjure Ball Lightning   Conj/Air       0%         3x3d6     100%        6
 Simulacrum               Ice/Necr       0%         N/A       100%        6
 Lehudib's Crystal Spear  Conj/Erth      0%         10d2      100%        8


Dungeon Overview and Level Annotations

Branches:
Dungeon (15/15)            Temple (1/1) D:6            Lair (5/5) D:9
  Swamp (3/4) Lair:2       Spider (0/4) Lair:3        Slime (0/5) Lair:5
    Orc (2/2) D:9             Elf (0/3) Orc:2        Vaults (0/5) D:14
 Depths (0/4) D:15          IceCv (visited)         Volcano (visited)
Gauntlet (visited)

Altars:
Ashenzari
Cheibriados
Dithmenos
Elyvilon
Fedhas
Gozag
Hepliaklqana
Kikubaaqudgha
Makhleb
Nemelex Xobeh
Okawaru
Qazlal
Ru
Sif Muna
Trog
Uskayaw
Vehumet
Wu Jian
Xom
Yredelemnul
Zin
The Shining One

Shops:
D:4 **   D:10 *   D:11 =   D:12 *   Orc:2 (?[*


Innate Abilities, Weirdness & Mutations

Your life essence is reduced to manifest your ancestor. (-10% HP)
You are small and have problems with some larger weapons.
You are completely attuned to the shadows.
You are clumsy. (Dex -2)
Your system is resistant to poisons. (rPois)
You expend magic power (3 MP) to strengthen your wands.


Message History

The swamp worm barely misses you.
Unknown command.
Fire: t) +6 hand cannon (freeze)
Press: ? - help, Shift-Dir - straight line, f/p - spriggan druid
Aim: a spriggan druid, wielding a +0 quarterstaff and wearing a +0 robe (69% to hit)
You shoot a bolt.
The bolt barely misses the spriggan druid.
The swamp worm bites you!
The teleport trap disappears.
The spriggan druid disappears!
You block the spriggan rider's attack. You block the swamp worm's attack.
Unknown command.
A four-headed hydra comes into view.
The swamp worm attacks as it pursues you!
The swamp worm barely misses you. The spriggan rider barely misses you.
Nakurtum hits the swamp worm with a +0 broad axe of flaming!!
Nakurtum burns the swamp worm.
The swamp worm dies!
Nakurtum hits the spriggan rider with a +0 broad axe of flaming!
Nakurtum burns the spriggan rider.
You block the four-headed hydra's attack. x2
The four-headed hydra bites you. The four-headed hydra bites you!
* * * LOW HITPOINT WARNING * * *
You block the swamp worm's attack.
Nakurtum barely misses the spriggan rider.
The four-headed hydra misses you.
The four-headed hydra barely misses you.
The four-headed hydra completely misses you. x2
The spriggan rider hits you from afar with a +0 spear!!
* * * LOW HITPOINT WARNING * * *
Blink to where?
Press: ? - help, Dir - move target A thorn hunter and a swamp worm come into view.
As you read the scroll of blinking, it crumbles to dust.
The thorn hunter gestures.
The spriggan rider misses you.
The thorn hunter fires a volley of thorns at you.
You block the volley of thorns.
The swamp worm fires a harpoon shot at you.
The harpoon shot hits you!
You die...

~~~~~~~i~ ~~§~
..~..~.~~~♣.~~~
♣~.~~†..~.....~
♣~~..§~~~~§~~.
♣♣..~.....@~§w.
♣♣.....~~w...§~.
♣.♣.....Di[R~)~.
♣.<.....~♣~~~.~.
..§~.~~..[~~~.f~♣.
.~~~~♣~.~~~.~...
~~.~...~~.~.~.♣♣
~<♣♣♣♣~~~<


You could see the friendly Nakurtum the knight, a thorn hunter, a four-headed
hydra, a spriggan rider, a spriggan druid and 2 swamp worms.

Vanquished Creatures
  Frances (D:13)
  A frost giant (IceCv)
  4 orc warlords
  An eleionoma (Swamp:2)
  Nessos (D:13)
  3 bunyips (Swamp:1)
  A minotaur (Gauntlet)
  Snorg (Lair:5)
  7 hydras
  A merfolk avatar (Lair:5)
  A spriggan air mage (Swamp:3)
  An ogre mage (D:10)
  An alligator (Swamp:1)
  4 two-headed ogres
  5 centaur warriors
  2 dancing weapons (D:14)
  A hell hog (Volcano)
  2 tengu warriors (D:13)
  3 orc high priests (Orc:2)
  13 death yaks
  2 fire crabs
  A death drake (Gauntlet)
  4 skeletal warriors
  A swamp dragon (Swamp:2)
  A sea snake (Lair:5)
  An orange crystal statue (Gauntlet)
  Pikel (D:8)
  A phantasmal warrior (Lair:3)
  A necromancer (D:15)
  11 orc knights
  8 ugly things
  9 orc sorcerers
  5 manticores
  2 will-o-the-wisps (Swamp:2)
  2 large abominations (Gauntlet)
  5 cyclopes
  A centaur zombie (Gauntlet)
  10 elephants
  A worldbinder (Gauntlet)
  3 black mambas
  An ice statue (IceCv)
  15 cane toads
  5 gargoyles
  Maggie (D:8)
  Psyche (D:8)
  An unseen horror (D:11)
  A kobold demonologist (D:11)
  6 komodo dragons
  A komodo dragon (shapeshifter) (D:10)
  2 efreet
  9 rime drakes
  3 tengu conjurers
  A yaktaur (shapeshifter) (D:15)
  9 trolls
  A wind drake (Lair:5)
  7 polar bears
  15 tyrant leeches
  10 hornets
  13 blink frogs
  A spriggan zombie (D:15)
  5 small abominations (Gauntlet)
  3 jumping spiders (Lair:3)
  A spectral meliai (Gauntlet)
  6 slime creatures
  A vampire (D:10)
  3 shadows
  7 spriggans
  A centaur simulacrum (D:15)
  A yak (shapeshifter) (D:14)
  4 fire bats
  49 yaks
  2 wraiths
  A human (Lair:3)
  6 wyverns
  2 steam dragons
  3 basilisks
  13 vampire mosquitoes
  Eustachio (D:5)
  A redback (Lair:3)
  9 swamp worms
  11 wargs
  Duvessa (D:5)
  11 water moccasins
  A hell hound (Volcano)
  An ice beast (D:6)
  61 orc warriors
  4 black bears
  10 ogres
  3 boggarts (Gauntlet)
  9 centaurs
  23 wolves
  A phantom (D:6)
  A lemure (D:8)
  4 kobold brigands
  13 bullfrogs
  2 scorpions (D:5)
  A gnoll sergeant (D:9)
  13 wights
  Dowan (D:5)
  6 killer bees (D:10)
  2 electric eels
  5 howler monkeys
  2 hounds
  4 lava snakes (Volcano)
  3 jellies
  2 gnoll boudas
  36 orc priests
  Crazy Yiuf (D:3)
  2 sleepcaps
  Terence (D:2)
  5 iguanas
  28 orc wizards
  16 gnolls
  4 adders
  A white imp (D:7)
  A worm (D:2)
  2 dart slugs
  109 orcs
  8 bats
  5 endoplasms
  6 giant cockroaches
  4 hobgoblins
  3 jackals (D:1)
  31 kobolds
  3 quokkas
  6 ball pythons
  4 frilled lizards
  4 goblins
  A rat (D:2)
822 creatures vanquished.

Vanquished Creatures (collateral kills)
  Gastronok (Orc:1)
  An eleionoma (Swamp:1)
  A dire elephant (Lair:5)
  4 hydras
  A centaur warrior (D:14)
  A two-headed ogre (Orc:2)
  A tengu warrior (D:10)
  A vampire mage (D:15)
  2 death yaks
  An orc high priest (Orc:2)
  A fire crab (shapeshifter) (D:15)
  A spriggan druid (Swamp:1)
  A goliath frog (Swamp:1)
  A swamp dragon (Swamp:2)
  An orc knight (Orc:2)
  A cyclops (D:12)
  2 black mambas
  2 molten gargoyles (Volcano)
  4 elephants
  Joseph (D:9)
  2 cane toads (Lair:5)
  2 komodo dragons
  2 trolls (D:12)
  2 tyrant leeches
  2 polar bears
  A hornet (Lair:1)
  A blink frog (Lair:2)
  2 slime creatures (D:12)
  A wraith (D:7)
  15 yaks
  A spriggan skeleton (D:15)
  2 steam dragons
  A vampire mosquito (Swamp:2)
  2 swamp worms
  3 water moccasins
  A warg (Orc:1)
  A hell hound (Volcano)
  7 orc warriors
  4 wolves
  A centaur (D:9)
  2 ogres
  4 kobold brigands
  2 bullfrogs (Lair:2)
  2 gnoll sergeants
  2 killer bees (D:10)
  3 orc priests (Orc:2)
  A jelly (Lair:5)
  7 orc wizards
  An adder (D:12)
  2 gnolls
  32 orcs
  4 kobolds
144 creatures vanquished.

Vanquished Creatures (others)
  2 ancestors (D:8)
  13 knights
  An orc wizard (D:8)
  A gnoll (D:8)
  6 foxfires (Swamp:2)
23 creatures vanquished.

Grand Total: 989 creatures vanquished

Notes
Turn   | Place    | Note
-------+----------+-------------------------------------------
     0 | D:1      | Newt the Kobold Hunter began the quest for the Orb.
     0 | D:1      | Reached XP level 1. HP: 12/12 MP: 1/1
   155 | D:1      | Reached XP level 2. HP: 18/18 MP: 2/2
   408 | D:1      | Reached XP level 3. HP: 23/23 MP: 3/3
   978 | D:2      | Noticed Terence
   994 | D:2      | Killed Terence
   995 | D:2      | Reached XP level 4. HP: 14/30 MP: 4/4
  1433 | D:3      | Reached skill level 5 in Fighting
  1584 | D:3      | Reached XP level 5. HP: 13/35 MP: 5/5
  1670 | D:3      | Identified 2 scrolls of acquirement
  1670 | D:3      | Acquired the +0 helmet "Nitesig" {rF- Int+4 Slay+6}
  1677 | D:3      | Acquired the +2 pair of gloves of Vomappecwo {rF- Regen+
                  | Slay+4}
  1847 | D:3      | Reached skill level 6 in Ranged Weapons
  2009 | D:3      | Found a runed translucent door.
  2012 | D:3      | Noticed Crazy Yiuf
  2559 | D:3      | Killed Crazy Yiuf
  2560 | D:3      | Reached skill level 7 in Ranged Weapons
  2592 | D:4      | Found Wyutur's General Store.
  2595 | D:4      | Bought a scroll of identify for 26 gold pieces
  2650 | D:4      | Identified the +12 dagger of Overwhelming Force {distort,
                  | rF+ Str+3}
  2688 | D:4      | Reached XP level 6. HP: 40/40 MP: 6/6
  3022 | D:4      | Found Gozag's Platinum Reserve.
  3025 | D:4      | Found an opulent altar of Gozag.
  3138 | D:4      | Reached skill level 8 in Ranged Weapons
  3280 | D:4      | Reached XP level 7. HP: 44/44 MP: 7/7
  3284 | D:4      | Reached skill level 9 in Ranged Weapons
  3528 | D:5      | Entered Level 5 of the Dungeon
  3570 | D:5      | Reached skill level 10 in Ranged Weapons
  3696 | D:5      | Noticed Duvessa
  3698 | D:5      | Noticed Dowan
  3699 | D:5      | Killed Duvessa
  3700 | D:5      | Reached XP level 8. HP: 49/49 MP: 8/8
  3701 | D:5      | Killed Dowan
  3879 | D:5      | Reached skill level 5 in Dodging
  4066 | D:5      | Found a bloodstained altar of Trog.
  4214 | D:5      | Noticed Eustachio
  4222 | D:5      | Killed Eustachio
  4451 | D:6      | Noticed a two-headed ogre
  4457 | D:6      | Killed a two-headed ogre
  4458 | D:6      | Reached skill level 10 in Dodging
  4458 | D:6      | Reached XP level 9. HP: 54/54 MP: 9/9
  4474 | D:6      | Found a staircase to the Ecumenical Temple.
  4523 | Temple   | Entered the Ecumenical Temple
  4530 | Temple   | Became a worshipper of Hepliaklqana the Forgotten
  4690 | D:6      | Reached skill level 5 in Stealth
  4845 | D:6      | Found a sacrificial altar of Ru.
  5371 | D:7      | Reached * piety under Hepliaklqana
  5451 | D:7      | Reached XP level 10. HP: 51/54 MP: 10/10
  5530 | D:7      | Found a basalt altar of Yredelemnul.
  5666 | D:7      | Reached skill level 1 in Evocations
  6123 | D:7      | Found a stormy altar of Qazlal.
  6333 | D:8      | Noticed Maggie
  6343 | D:8      | Killed Maggie
  6344 | D:8      | Reached skill level 5 in Evocations
  6344 | D:8      | Reached skill level 1 in Shields
  6439 | D:8      | Noticed Psyche
  6449 | D:8      | Killed Psyche
  6472 | D:8      | Noticed Pikel
  6494 | D:8      | Killed Pikel
  7108 | D:9      | Reached skill level 5 in Shields
  7108 | D:9      | Reached XP level 11. HP: 61/61 MP: 11/11
  7110 | D:9      | Reached ** piety under Hepliaklqana
  7111 | D:9      | Remembered your ancestor Nakurtum as a knight
  7249 | D:9      | Noticed Joseph
  7255 | D:9      | Killed Joseph
  7260 | D:9      | Reached skill level 11 in Ranged Weapons
  7263 | D:9      | Noticed an elephant
  7285 | D:9      | Killed an elephant
  7288 | D:9      | Reached skill level 12 in Ranged Weapons
  7345 | D:9      | Found a staircase to the Lair.
  7388 | D:9      | Reached skill level 13 in Ranged Weapons
  7593 | D:9      | Found a blossoming altar of Fedhas.
  7775 | D:9      | Found a staircase to the Orcish Mines.
  7816 | D:9      | Found a radiant altar of Vehumet.
  7986 | D:10     | Identified the of Temmaesm
  7986 | D:10     | Entered Level 10 of the Dungeon
  8106 | D:10     | Reached skill level 14 in Ranged Weapons
  8143 | D:10     | Noticed a tengu warrior
  8144 | D:10     | Noticed a cyclops
  8146 | D:10     | Noticed an ogre mage
  8148 | D:10     | Noticed a manticore
  8151 | D:10     | Identified the amulet "Naeleade" {Acrobat Harm SInv}
  8151 | D:10     | Noticed an orc knight
  8154 | D:10     | Killed a tengu warrior
  8159 | D:10     | Killed an ogre mage
  8159 | D:10     | Noticed a skeletal warrior
  8160 | D:10     | Reached skill level 15 in Ranged Weapons
  8160 | D:10     | Reached XP level 12. HP: 65/65 MP: 10/12
  8265 | D:10     | Noticed a centaur warrior
  8270 | D:10     | Killed a centaur warrior
  8309 | D:10     | Identified the +5 quarterstaff "Zufefai" {flame, rPois
                  | Int-3 Dex+3 SInv}
  8352 | D:10     | Reached *** piety under Hepliaklqana
  8581 | D:10     | Found an ancient bone altar of Kikubaaqudgha.
  8731 | D:10     | Killed a skeletal warrior
  8854 | D:10     | Found Hiotwock's Assorted Antiques.
  8859 | D:10     | Bought a scroll labelled ZYXOL SESYS for 23 gold pieces
  8859 | D:10     | Bought a tapered fluorescent wand for 92 gold pieces
  8859 | D:10     | Bought a large platinum amulet for 115 gold pieces
  9166 | D:11     | Found a frozen archway.
  9174 | IceCv    | Entered an ice cave
  9284 | IceCv    | Noticed a death yak
  9288 | IceCv    | Noticed a death yak
  9293 | IceCv    | Killed a death yak
  9299 | IceCv    | Killed a death yak
  9300 | IceCv    | Reached XP level 13. HP: 35/70 MP: 13/13
  9605 | IceCv    | Reached skill level 1 in Armour
  9691 | IceCv    | Noticed a frost giant
  9701 | IceCv    | Killed a frost giant
  9702 | IceCv    | Reached skill level 5 in Armour
 10509 | D:11     | Found Medox's Jewellery Boutique.
 10935 | D:12     | Reached **** piety under Hepliaklqana
 10953 | D:12     | Reached skill level 10 in Fighting
 11036 | D:12     | Acquired 775 gold pieces
 11106 | D:12     | Found Raveonus's Serpentskin Sales.
 11194 | D:12     | Identified the +0 pair of gloves of Goigh {rN+}
 11448 | D:12     | Reached XP level 14. HP: 81/81 MP: 14/14
 11624 | D:13     | Found a gate leading to a gauntlet.
 11625 | D:13     | Noticed Frances
 11642 | D:13     | Killed Frances
 11692 | Gauntlet | Entered a Gauntlet
 11692 | Gauntlet | Found a transporter.
 11711 | Gauntlet | Found a transporter.
 11723 | Gauntlet | Found a transporter.
 11736 | Gauntlet | Found a transporter.
 11744 | Gauntlet | Found a runed translucent door.
 11748 | Gauntlet | Found a transporter.
 11765 | Gauntlet | Found a transporter.
 11784 | Gauntlet | Found a transporter.
 11843 | Gauntlet | Found a transporter.
 11853 | Gauntlet | Found a transporter.
 11857 | Gauntlet | Identified the +8 plate armour "Wuigri" {Will+ Str+3 Int+3
                  | Dex-4}
 11864 | Gauntlet | Found a transporter.
 11872 | Gauntlet | Found a transporter.
 11887 | Gauntlet | Found a transporter.
 11892 | Gauntlet | Reached skill level 1 in Invocations
 11917 | Gauntlet | Found a transporter.
 11938 | Gauntlet | Found a transporter.
 12036 | Gauntlet | Identified the amulet of the Bull {Acrobat Harm Int+2}
 12112 | Gauntlet | Identified the +6 broad axe of Pusoypt {elec, Stlth+}
 12112 | Gauntlet | Identified the +1 ice dragon scales of Qef Yrai {Harm rF-
                  | rC++ rN+ Slay-5 SInv}
 12112 | Gauntlet | Noticed a minotaur
 12117 | Gauntlet | Killed a minotaur
 12118 | Gauntlet | Reached skill level 5 in Invocations
 12125 | Gauntlet | Identified the +0 hat of Mezcal {rN+ Str+4 Int-4}
 12130 | Gauntlet | Identified the +0 ring mail of Lugonu's Regard {rF- Str+4
                  | Slay+2}
 12336 | D:13     | Reached ***** piety under Hepliaklqana
 12376 | D:13     | Found a runed translucent door.
 12546 | D:13     | Noticed Nessos
 12559 | D:13     | Killed Nessos
 13114 | D:14     | Gained mutation: You passively dampen the noise of your
                  | surroundings. [potion of mutation]
 13114 | D:14     | Gained mutation: You have a beak for a mouth. [potion of
                  | mutation]
 13115 | D:14     | Lost mutation: You passively dampen the noise of your
                  | surroundings. [potion of mutation]
 13115 | D:14     | Lost mutation: You have a beak for a mouth. [potion of
                  | mutation]
 13115 | D:14     | Gained mutation: You expend magic power (3 MP) to
                  | strengthen your wands. [potion of mutation]
 13115 | D:14     | Gained mutation: You are clumsy. (Dex -2) [potion of
                  | mutation]
 13115 | D:14     | Gained mutation: Your system is resistant to poisons.
                  | (rPois) [potion of mutation]
 13198 | D:14     | Acquired a manual of Conjurations
 13450 | D:14     | Found a gate to the Vaults.
 13678 | D:15     | Entered Level 15 of the Dungeon
 13695 | D:15     | Reached skill level 16 in Ranged Weapons
 13755 | D:15     | Found a staircase to the Depths.
 13786 | D:15     | Found a basalt altar of Yredelemnul.
 13837 | D:15     | Found a broken altar of Ashenzari.
 13879 | D:15     | Reached XP level 15. HP: 86/86 MP: 21/21
 13889 | D:15     | Reached skill level 17 in Ranged Weapons
 14803 | Lair:1   | Entered Level 1 of the Lair of Beasts
 14949 | Lair:1   | Reached skill level 18 in Ranged Weapons
 15330 | Lair:1   | Identified the +1 robe "Acos" {Str+2 Dex-5 Slay+3}
 15672 | Lair:1   | Reached skill level 19 in Ranged Weapons
 15979 | Lair:2   | Reached ****** piety under Hepliaklqana
 16228 | Lair:2   | Reached skill level 20 in Ranged Weapons
 16380 | Lair:2   | Identified the +2 scale mail of the Miller {rElec rPois
                  | rCorr MP+9}
 16469 | Lair:2   | Found a staircase to the Swamp.
 16885 | Lair:3   | Found a runed translucent door.
 16989 | Lair:3   | Found a hole to the Spider Nest.
 18155 | Lair:4   | Reached XP level 16. HP: 90/90 MP: 22/22
 18170 | Lair:4   | Found a dark tunnel.
 18196 | Volcano  | Entered a volcano
 18516 | Volcano  | Found a radiant altar of Vehumet.
 19655 | Lair:5   | Entered Level 5 of the Lair of Beasts
 19873 | Lair:5   | Noticed Snorg
 19902 | Lair:5   | Killed Snorg
 19942 | Lair:5   | Reached skill level 10 in Shields
 19958 | Lair:5   | Found a staircase to the Slime Pits.
 20059 | Lair:5   | Reached skill level 10 in Evocations
 20491 | Lair:5   | Identified the +4 quarterstaff "Leviticus" {protect, MP+9}
 20494 | Lair:5   | Identified the +1 trident "Toppoit" {speed, rPois rC+
                  | Dex+2}
 20921 | Orc:1    | Entered Level 1 of the Orcish Mines
 21253 | Orc:1    | Noticed Gastronok
 21266 | Orc:1    | Killed Gastronok
 21337 | Orc:1    | Reached XP level 17. HP: 84/95 MP: 19/23
 21627 | Orc:1    | Identified the +7 quarterstaff "Gaoxiats" {venom, Fly
                  | Int+2}
 21645 | Orc:1    | Found the +0 mask of the Dragon {Will+ Slay+3 SInv}
 21674 | Orc:1    | Acquired a +2 hand cannon of freezing
 21812 | Orc:2    | Entered Level 2 of the Orcish Mines
 22145 | Orc:2    | Reached skill level 10 in Stealth
 22209 | Orc:2    | Found Acyfisag's Weapon Boutique.
 22236 | Orc:2    | Found Qarhaom's Magic Scroll Shop.
 22246 | Orc:2    | Bought a scroll of identify for 26 gold pieces
 22246 | Orc:2    | Bought a scroll of identify for 26 gold pieces
 22246 | Orc:2    | Bought a scroll of identify for 26 gold pieces
 22644 | Orc:2    | Found a staircase to the Elven Halls.
 22852 | Orc:2    | Found Reodi's Assorted Antiques.
 22857 | Orc:2    | Bought a scroll labelled YCOBRA DAC ZYOSA for 27 gold
                  | pieces
 22857 | Orc:2    | Bought a scroll of identify for 54 gold pieces
 22905 | Orc:2    | Found Leps's Armour Shop.
 23288 | Swamp:1  | Entered Level 1 of the Swamp
 23417 | Swamp:1  | Reached skill level 21 in Ranged Weapons
 24211 | Swamp:2  | Reached skill level 22 in Ranged Weapons
 24407 | Swamp:2  | Reached XP level 18. HP: 100/100 MP: 24/24
 24616 | Swamp:3  | Killed from afar by a swamp worm

Illustrated notes

Levels and vault maps discovered:
D:1:      eino_arrival_cavern_c, layout_basic
D:2:      layout_rooms, uniq_terence
D:3:      layout_basic, minmay_misc_feat_plants, kennysheep_path_1,
          uniq_crazy_yiuf_cottage
D:4:      layout_loops_corners, nicolae_gozag_zags_fifth_avenue, serial_shops,
          nicolae_stop_n_shop_1, grunt_ministairs_5
D:5:      layout_basic, trog_three_pillars_becter, uniq_eustachio, uniq_duvessa
D:6:      layout_loops_cross, amcnicky_altar_gilded,
          minmay_temple_entry_drinking_statues
D:7:      layout_basic, nicolae_overflow_crystal_walls, grunt_qazlal_clouds
D:8:      layout_loops_ring, uniq_maggie, uniq_psyche, uniq_pikel
D:9:      layout_basic, fiery_altar_vehumet, fedhas_altar_4, david_lair_generic,
          kennysheep_orc_monster_closet_entryway, uniq_joseph
D:10:     minmay_the_grid_triangle_9x9_recursive_2_mashed
          [minmay_the_grid_triangle_9x9_prize_center,
          minmay_the_grid_triangle_9x9_from_above,
          minmay_the_grid_triangle_9x9_warning,
          minmay_the_grid_triangle_9x9_checkered], layout_long_grid,
          kiku_gazebo_pond_becter, serial_shops, shop
D:11:     layout_loops_cross, portal_ice_cave_entry_pillars_1, serial_shops,
          shop
D:12:     layout_loops_ring, hangedman_abyss_or_decor_lesser_grid,
          grunt_ministairs_7, guppyfry_shop_venom
D:13:     layout_basic, gauntlet_entry_generic, enter_trove_0,
          chequers_serial_rivers_small_3, minmay_crystal_box, uniq_frances,
          uniq_jorgrun, uniq_nessos
D:14:     layout_big_octagon, erik_vaults_1, palyth_stone_intersect,
          kennysheep_cross_bottleneck
D:15:     gammafunk_depths_entry_grave, layout_rooms, yredelemnul_altar_generic,
          nicolae_ashenzari_skybound
Temple:   eino_temple_lava
Lair:1:   layout_regular_city, grunt_megastairs_4
Lair:2:   layout_chaotic_city, nicolae_swamp_entry_splash_gauntlet
Lair:3:   layout_gridlike, spider_nest_entry_a, pdpol_lair_cabin_in_the_woods,
          lemuel_fruit_tree, infiniplex_staircase_pool, serial_bayou_shore_b
Lair:4:   layout_gridlike, nicolae_volcano_entry_two_sided
Lair:5:   gammafunk_lair_ancient_temple, layout_cave_pods,
          minmay_slime_entry_pillars, uniq_snorg
Swamp:1:  layout_basic_swamp, evilmike_swamp_ruin_rubble_2, swamp_pool1,
          nicolae_swamp_vermiculated
Swamp:2:  layout_basic_swamp, wheals_swamp_sinkhole
Swamp:3:  cheibrodos_swamp_heart_of_darkness, layout_falls_marsh,
          nicolae_swamp_trees_clearing, uniq_roxanne
Orc:1:    layout_caves, minmay_orc_treasury, uniq_josephine, uniq_gastronok
Orc:2:    pubby_orc_utopia, serial_shops

Skill      XL: |  1  2  3  4  5  6  7  8  9 10 11 12 13 14 15 16 17 |
---------------+----------------------------------------------------+-----
Fighting       | 3 4 5 6 8 11 12 | 12.0
Ranged Weapons | 7 8 10 15 16 20 22 | 22.3
Dodging        | 4 10 14 | 14.0
Stealth        | 2 8 12 | 12.0
Evocations     | 5 7 9 13 14 | 14.0
Shields        | 5 6 7 10 | 10.0
Armour         | 5 |  5.0
Invocations    | 9 |  9.0

Action                     |  1- 3 |  4- 6 |  7- 9 | 10-12 | 13-15 | 16-18 || total
---------------------------+-------+-------+-------+-------+-------+-------++-------
  Melee: Sling             |       |       |       |       |    15 |       ||    15
   Fire: Shortbow          |    63 |       |       |       |       |       ||    63
         Sling             |    17 |    69 |   164 |   478 |   764 |   569 ||  2061
         Hand cannon       |       |       |       |       |       |   362 ||   362
 Invoke: Recall Ancestor   |       |       |       |     3 |     2 |       ||     5
         Ancestor Life: Kn |       |       |       |     1 |       |       ||     1
         Idealise          |       |       |       |       |       |     1 ||     1
  Evoke: Wand              |       |       |       |     1 |     3 |     1 ||     5
         Tin of tremorston |       |       |       |       |     2 |       ||     2
         Box of beasts     |       |       |       |       |       |     1 ||     1
    Use: Scroll            |       |     6 |     4 |     9 |     6 |    17 ||    42
         Potion            |       |       |       |       |     4 |     2 ||     6
 Armour: Leather armour    |    13 |    10 |    29 |    19 |       |       ||    71
         Acid dragon scale |       |       |       |    52 |    10 |       ||    62
         Robe              |       |       |       |       |   102 |    69 ||   171
  Dodge: Dodged            |    22 |    30 |    52 |   110 |   213 |   171 ||   598
  Block: Kite shield       |       |       |       |   124 |    14 |       ||   138
         Buckler           |       |       |       |       |    71 |    94 ||   165

Table legend: (Time is in decaauts)
 A = Elapsed time spent in this place.
 B = Non-inter-level travel time spent in this place.
 C = Inter-level travel time spent in this place.
 D = Time resting spent in this place.
 E = Time spent auto-exploring this place.
 F = Levels seen in this place.
 G = Mean time per level.
                   A        B        C        D        E       F      G
               +--------+--------+--------+--------+--------+-----+--------+
         Total |  24572 |  23461 |   1111 |   1633 |  17674 |  29 |  847.3 |
       Dungeon |  13430 |  12713 |    717 |   1036 |   9739 |  15 |  895.3 |
        Temple |     14 |      1 |     13 |      0 |      0 |   1 |   14.0 |
          Lair |   5364 |   5109 |    255 |     22 |   4263 |   5 | 1072.8 |
         Swamp |   1431 |   1381 |     50 |      9 |   1133 |   3 |  477.0 |
  Orcish Mines |   2250 |   2176 |     74 |    137 |   1452 |   2 | 1125.0 |
      Ice Cave |    936 |    936 |      0 |    350 |    329 |   1 |  936.0 |
       Volcano |    688 |    688 |      0 |      0 |    626 |   1 |  688.0 |
      Gauntlet |    456 |    456 |      0 |     79 |    131 |   1 |  456.0 |
               +--------+--------+--------+--------+--------+-----+--------+

Top non-repeatable levels by time:
   Orc:2: 1407 daAuts
     D:3: 1199 daAuts
  Lair:5: 1166 daAuts
  Lair:3: 1163 daAuts
    D:10: 1135 daAuts
  Lair:2: 1042 daAuts
     D:7: 1017 daAuts
  Lair:1: 1014 daAuts
     D:9: 990 daAuts
  Lair:4: 977 daAuts
    D:15: 975 daAuts
     D:4: 937 daAuts
   IceCv: 936 daAuts
     D:5: 869 daAuts
 Swamp:1: 866 daAuts
